Map: Port Aleksander LE

Players

Throwfordays - Winner!

  • Race: Zerg Zerg
  • League: Silver
  • Spawn Location: 5:00

commi

  • Race: Terran Terran
  • League: Bronze
  • Spawn Location: 11:00

VOD

Have the link to the VOD?

Description

Time

  • Played on: May 17, 2019, 4:46 p.m.
  • Length: 7:05
Show
View Real Time Build Order
Export as new Build Order

Throwfordays Zerg - Winner!

Build Orders: Hatch First 

Get SALT Encoding   

  12  0:01  Drone  
  13  0:13  Overlord  
  13  0:18  Drone  
  14  0:31  Drone  
  14  0:32  Drone  
  16  0:51  Hatchery  
  16  0:54  Drone  
  16  0:58  Drone  
  17  1:12  Spawning Pool  
  17  1:15  Extractor  
  16  1:18  Drone  
  16  1:21  Drone  
  17  1:26  Drone  
  17  1:32  Drone  
  19  1:40  Drone  
  20  2:00  Queen  
  22  2:01  Overlord  
  22  2:05  Evolution Chamber  
  21  2:08  Zergling x2  
  21  2:11  Drone  
  21  2:13  Queen  
  25  2:20  Overlord  
  25  2:27  Metabolic Boost  
  25  2:30  Zergling x2  
  26  2:46  Zergling x4  
  26  2:49  Drone x3  
  31  2:57  Zergling x2  
  32  3:00  Lair  
  32  3:08  Extractor  
  31  3:13  Zergling x2  
  31  3:14  Zergling x6  
  31  3:19  Drone x2  
  37  3:25  Drone x2  
  39  3:29  Drone  
  40  3:35  Drone  
  40  3:37  Drone  
  40  3:40  Zerg Melee Weapons Level 1  
  42  3:52  Drone x2  
  44  3:55  Overlord x2  
  44  4:05  Overlord  
  44  4:06  Overlord  
  44  4:16  Baneling Nest  
  43  4:20  Roach Warren  
  43  4:21  Drone x2  
  44  4:24  Zergling x2  
  44  4:26  Drone  
  44  4:27  Drone x2  
  48  4:38  Drone  
  49  4:39  Nydus Network  
  49  4:40  Zergling x2  
  49  4:41  Zergling x2  
  50  4:46  Drone x2  
  50  4:47  Drone  
  53  4:56  Overseer  
  53  5:01  Centrifical Hooks  
  53  5:14  Drone x2  
  54  5:18  Extractor  
  54  5:19  Extractor  
  54  5:20  Drone  
  54  5:23  Roach x2  
  54  5:24  Roach x3  
  64  5:29  Baneling  
  64  5:33  Baneling  
  64  5:40  Baneling  
  64  5:55  Drone x3  
  67  5:58  Drone x2  
  67  6:00  Overlord x2  
  67  6:03  Drone  
  70  6:07  Baneling x2  
  70  6:08  Baneling x3  
  70  6:17  Spore Crawler  
  69  6:20  Drone  
  70  6:36  Nydus Canal  
  70  6:39  Hatchery  
Show
View Real Time Build Order
Export as new Build Order

commi Terran 

Build Orders:  

Get SALT Encoding   

  12  0:18  Supply Depot  
  12  0:26  Supply Depot  
  13  0:35  SCV  
  13  0:37  Supply Depot  
  13  0:51  Refinery  
  13  0:59  Refinery  
  13  1:05  SCV  
  14  1:22  SCV, Barracks  
  15  1:45  SCV  
  16  1:57  SCV  
  17  2:09  SCV  
  17  2:12  Barracks Tech Lab  
  18  2:19  Factory  
  18  2:22  SCV  
  19  2:54  Command Center  
  19  3:03  Orbital Command  
  19  3:17  Factory Tech Lab  
  19  3:28  Armory  
  19  3:44  SCV  
  20  4:08  Armory  
  20  4:17  Starport  
  20  4:37  Terran Ship Weapons Level 1  
  20  4:38  Refinery  
  20  4:49  Engineering Bay  
  20  4:51  SCV  
  21  4:58  Starport  
  21  5:03  SCV x2  
  23  5:15  SCV  
  23  5:20  Hi-Sec Auto Tracking  
  24  5:27  SCV  
  25  5:30  Refinery  
  25  5:40  SCV  
  25  5:42  SCV  
  27  5:52  SCV  
  27  5:53  Fusion Core  
  27  5:54  SCV  
  29  6:13  SCV  
  30  6:21  SCV  
  30  6:23  Command Center  
  30  6:25  SCV  
  32  6:37  SCV  
  33  6:49  SCV  
Tags
 
Add a new tag
Caveats
  • Supply blocks, unpowered buildings, or Contaminate may cause inaccurate times.
  • Supply counts are checked every 10 seconds.